 Dungeon Crawl Stone Soup version 0.19-a0-994-g3c636f0 (webtiles) character file.

18305 mistymad the Spear-Bearer (level 12, -5/97 HPs)
             Began as a Merfolk Gladiator on July 18, 2016.
             Was a High Priest of Okawaru.
             Slain by a boulder beetle (32 damage)
             ... on level 2 of the Lair of Beasts.
             The game lasted 00:28:16 (16042 turns).

mistymad the Spear-Bearer (Merfolk Gladiator)      Turns: 16042, Time: 00:28:17

Health: -5/97      AC: 24    Str: 22    XL:     12   Next: 57%
Magic:  17/17      EV: 19    Int: 14    God:    Okawaru [*****.]
Gold:   632        SH:  6    Dex: 15    Spells: 0 memorised, 11 levels left

rFire  . . .     SeeInvis .     m - +2 trident (pierce)
rCold  . . .     Gourm    .     x - +2 ring mail "Ruimooked" {Str+2 Int+3}
rNeg   . . .     Faith    .     y - +0 buckler
rPois  .         Spirit   .     S - +2 hat "Koatt" {MR+ Int+4}
rElec  .         Dismiss  .     r - +2 cloak {+Inv}
rCorr  .         Reflect  .     H - +0 pair of gloves
SustAt .         Harm     .     e - +0 pair of boots
MR     +....                    (no amulet)
Stlth  +.........               z - +3 ring of protection
                                F - +5 ring of protection

@: somewhat resistant to hostile enchantments, very unstealthy
A: change form in water, swift swim
a: Heroism, Finesse, Renounce Religion, Evoke Invisibility


You were on level 2 of the Lair of Beasts.
You worshipped Okawaru.
Okawaru was extremely pleased with you.
You were not hungry.

You visited 3 branches of the dungeon, and saw 13 of its levels.

You collected 632 gold pieces.

Inventory:

Hand Weapons
 m - a +2 trident of piercing (weapon)
Missiles
 o - 5 throwing nets (quivered)
Armour
 e - a +0 pair of boots (worn)
 r - a +2 cloak of invisibility (worn)
 w - a +0 ice dragon armour
 x - the +2 ring mail "Ruimooked" (worn) {Str+2 Int+3}
   (You found it on level 4 of the Dungeon)

   It affects your strength (+2).
   It affects your intelligence (+3).
 y - a +0 buckler (worn)
 H - a +0 pair of gloves (worn)
 S - the +2 hat "Koatt" (worn) {MR+ Int+4}
   (Okawaru gifted it to you on level 1 of the Lair of Beasts)

   It affects your intelligence (+4).
   It affects your resistance to hostile enchantments.
Jewellery
 q - an uncursed ring of sustain attributes
 z - a +3 ring of protection (right hand)
 E - an uncursed ring of see invisible
 F - a +5 ring of protection (left hand)
 K - an uncursed ring of flight
Wands
 n - a wand of teleportation (2/9)
 A - a wand of slowing (14/48)
 I - a wand of flame (22/48)
 Q - a wand of digging (13/24)
Scrolls
 d - a scroll of enchant armour
 g - 4 scrolls of enchant weapon
 k - 3 scrolls of fog
 l - 2 scrolls of magic mapping
 s - a scroll of fear
 C - 2 scrolls of recharging
 J - a scroll of teleportation
 M - a scroll of blinking
 N - a scroll of amnesia
 P - 5 scrolls of identify
Potions
 a - 3 potions of berserk rage
 b - 2 potions of haste {unknown}
 c - a potion of magic {unknown}
 i - 2 potions of might
 j - a potion of flight {unknown}
 u - a potion of mutation {unknown}
 v - 3 potions of curing
 B - a potion of heal wounds
 D - 2 potions of cancellation {unknown}
 G - 2 potions of brilliance {unknown}
Comestibles
 f - 9 bread rations
 h - 11 beef jerkies
 p - 3 meat rations
 t - 9 chunks of flesh
 O - 7 fruits


   Skills:
 + Level 10.0 Fighting
 + Level 12.6 Polearms
 - Level 2.0 Throwing
 + Level 6.9 Armour
 + Level 12.5 Dodging
 + Level 7.4 Shields
 + Level 6.8 Invocations


You had 11 spell levels left.
You didn't know any spells.

Dungeon Overview and Level Annotations

Branches:
Dungeon (10/15)            Temple (1/1) D:5            Lair (2/6) D:8
 Spider (0/4) Lair:2          Orc (0/2) D:10
  Swamp: Lair:2-4    Shoals: Lair:2-4

Altars:
Ashenzari
Cheibriados
Dithmenos
Elyvilon
Fedhas
Gozag
Hepliaklqana
Kikubaaqudgha
Makhleb
Nemelex Xobeh
Okawaru
Pakellas
Qazlal
Ru
Sif Muna
Trog
Uskayaw
Vehumet
Xom
Yredelemnul
Zin
The Shining One

Annotations:
Lair:2 Amnesiac's ghost, journeyman OgNe; Harold


Message History

You hit the boulder beetle.
The boulder beetle is heavily wounded.
You hit the boulder beetle but do no damage.
The boulder beetle is heavily wounded.
The boulder beetle bites you!!
* * * LOW HITPOINT WARNING * * *
You are too injured to fight recklessly!
You take 28 damage, and have 9/97 hp.
MASSIVE DAMAGE!!
You feel much better.
You regained 18 hp, and now have 27/97 hp.
Okay, then.
You hit the boulder beetle.
The boulder beetle is heavily wounded.
The boulder beetle bites you but does no damage.
You hit the boulder beetle but do no damage.
The boulder beetle is heavily wounded.
You hit the boulder beetle but do no damage.
The boulder beetle is heavily wounded.
The boulder beetle bites you!!
You die...

# .# #. #.... #... #
##.#. .# #P..# .#.#
##..##...##.
#P..@B.>....
#...##....#. #..##
..... ##..## .###
####....##...#
#.###.........
####.#.....#....
###..........P....
#####.....P#P.........


You could see a boulder beetle.

Vanquished Creatures
  2 hydras (Lair:1)
  A queen ant (D:10)
  Pikel (D:9)
  A black mamba (D:8)
  Psyche (D:9)
  2 gargoyles (D:10)
  2 centaur skeletons
  A spiny frog (Lair:1)
  A komodo dragon (Lair:1)
  3 blink frogs (Lair:2)
  Sigmund (D:4)
  Eustachio (D:4)
  16 yaks
  A wyvern (D:8)
  Grum (D:9)
  3 hippogriffs
  2 hungry ghosts (D:8)
  2 wargs
  20 soldier ants (D:10)
  2 water moccasins (Lair:1)
  2 porcupines
  A sky beast (D:9)
  4 orc warriors
  3 ice beasts
  A wasp (D:9)
  8 ogres
  3 wolves (D:9)
  A phantom (D:7)
  6 centaurs
  4 crocodiles
  2 big kobolds
  9 giant frogs
  A gnoll sergeant (D:9)
  Blork the orc (D:3)
  4 scorpions
  8 killer bees
  4 wights (D:6)
  5 howler monkeys
  4 crimson imps
  A wasp zombie (D:5)
  A quasit (D:9)
  A jelly (D:9)
  8 orc priests
  3 giant frog skeletons
  4 hounds
  9 orc wizards
  Crazy Yiuf (D:2)
  2 iguanas
  30 worker ants
  A hound zombie (D:8)
  9 gnolls
  12 adders
  19 river rats
  4 shadow imps
  An adder skeleton (D:5)
  5 worms
  2 dart slugs
  4 giant geckos
  57 orcs
  10 bats
  9 giant cockroaches
  7 goblins
  7 hobgoblins
  16 jackals
  5 quokkas
  A giant gecko skeleton (D:4)
  4 giant newts
  A jackal zombie (D:6)
  19 kobolds
  A quokka zombie (D:5)
  7 rats
396 creatures vanquished.

Vanquished Creatures (others)
  2 slaves (D:9)
  A scorpion (D:9)
  A killer bee (D:9)
  An orc (D:9)
  2 fungi (Lair:2)
  2 plants (Lair:1)
9 creatures vanquished.

Grand Total: 405 creatures vanquished

Notes
Turn   | Place    | Note
-------+----------+-------------------------------------------
     0 | D:1      | mistymad the Merfolk Gladiator began the quest for the Orb.
     0 | D:1      | Reached XP level 1. HP: 16/16 MP: 1/1
   213 | D:1      | Reached XP level 2. HP: 15/23 MP: 2/2
  1030 | D:1      | Reached XP level 3. HP: 27/28 MP: 3/3
  1442 | D:2      | Reached skill level 5 in Polearms
  1620 | D:2      | Found a runed door.
  1704 | D:2      | Reached XP level 4. HP: 34/35 MP: 4/4
  1736 | D:2      | Reached skill level 1 in Armour
  2176 | D:2      | Noticed Crazy Yiuf
  2182 | D:2      | Killed Crazy Yiuf
  2182 | D:2      | Reached skill level 5 in Dodging
  2419 | D:3      | Found a shattered altar of Ashenzari.
  2424 | D:3      | Reached XP level 5. HP: 33/41 MP: 5/5
  3433 | D:4      | Noticed Blork the orc
  3499 | D:3      | Reached XP level 6. HP: 35/48 MP: 6/6
  3605 | D:4      | Noticed Eustachio
  3925 | D:3      | Killed Blork the orc
  4139 | D:4      | Killed Eustachio
  4139 | D:4      | Reached XP level 7. HP: 50/55 MP: 7/7
  4437 | D:4      | Found a white marble altar of Elyvilon.
  4455 | D:4      | Noticed Sigmund
  4463 | D:4      | Killed Sigmund
  4529 | D:4      | Found a hide-covered altar of Uskayaw.
  4641 | D:4      | Reached skill level 5 in Fighting
  4741 | D:4      | Got a brightly glowing ring mail
  4752 | D:4      | Identified the +2 ring mail "Ruimooked" {Str+2 Int+3} (You found it on level 4 of the Dungeon)
  4911 | D:3      | Found a radiant altar of Vehumet.
  4955 | D:5      | Entered Level 5 of the Dungeon
  4980 | D:5      | Reached XP level 8. HP: 36/62 MP: 8/8
  5329 | D:5      | Found a white marble altar of Elyvilon.
  5331 | D:5      | Found a shimmering altar of Xom.
  5356 | D:5      | Found a staircase to the Ecumenical Temple.
  5379 | Temple   | Entered the Ecumenical Temple
  5618 | Temple   | Became a worshipper of Warmaster Okawaru
  6177 | D:6      | Reached skill level 1 in Shields
  6454 | D:6      | Reached * piety under Okawaru
  6507 | D:6      | Reached XP level 9. HP: 69/69 MP: 9/9
  7091 | D:7      | Reached ** piety under Okawaru
  7670 | D:7      | Found a deep blue altar of Sif Muna.
  7752 | D:7      | Reached skill level 10 in Polearms
  7991 | D:7      | Reached *** piety under Okawaru
  8233 | D:8      | Reached XP level 10. HP: 77/79 MP: 10/10
  8370 | D:8      | Found a staircase to the Lair.
  8440 | D:8      | Reached skill level 5 in Armour
  8543 | D:8      | Reached skill level 1 in Invocations
  8977 | D:8      | Found an oddly glowing altar of Pakellas.
  8977 | D:8      | Found a sparkling altar of Nemelex Xobeh.
  9297 | D:8      | Reached skill level 10 in Dodging
  9541 | D:8      | Reached **** piety under Okawaru
  9669 | D:9      | Found an opulent altar of Gozag.
  9688 | D:9      | Noticed Psyche
  9704 | D:9      | Killed Psyche
  9931 | D:9      | Noticed Grum
  9945 | D:9      | Killed Grum
  9952 | D:9      | Reached skill level 5 in Shields
  9963 | D:9      | Noticed Pikel
  9990 | D:9      | Killed Pikel
 11166 | D:10     | Entered Level 10 of the Dungeon
 11197 | D:9      | Reached XP level 11. HP: 75/87 MP: 13/13
 11707 | D:10     | Found a staircase to the Orcish Mines.
 11726 | D:10     | Reached ***** piety under Okawaru
 11910 | D:10     | Noticed a queen ant
 11935 | D:10     | Killed a queen ant
 12204 | D:10     | Reached skill level 5 in Invocations
 13003 | D:10     | Received a gift from Okawaru
 13362 | Lair:1   | Entered Level 1 of the Lair of Beasts
 13362 | Lair:1   | Noticed a seven-headed hydra
 13446 | Lair:1   | Killed a seven-headed hydra
 13446 | Lair:1   | Reached XP level 12. HP: 41/96 MP: 13/16
 13732 | D:8      | Reached ****** piety under Okawaru
 14132 | Lair:1   | Noticed a seven-headed hydra
 14149 | Lair:1   | Killed a seven-headed hydra
 14278 | Lair:1   | Received a gift from Okawaru
 14281 | Lair:1   | Got a fine hat {god gift}
 14292 | Lair:1   | Identified the +2 hat "Koatt" {MR+ Int+4} (Okawaru gifted it to you on level 1 of the Lair of Beasts)
 14689 | Lair:1   | Identified Zozyzxop's Tome of the Oath
 14857 | Lair:1   | Noticed an eight-headed hydra
 14906 | Lair:1   | Got a warped scale mail
 15369 | Lair:1   | Identified the cursed +1 scale mail of Dyneri {rCorr MP+9 Dex+4 Slay-4} (You found it on level 1 of the Lair of Beasts)
 15833 | Lair:2   | Noticed Harold
 15833 | Lair:2   | Noticed Amnesiac's ghost (journeyman OgNe)
 15912 | Lair:2   | Reached skill level 10 in Fighting
 15990 | Lair:2   | Found a hole to the Spider Nest.
 16042 | Lair:2   | Slain by a boulder beetle

Vault maps used:
D:1:      dpeg_arrival_renting, patterned_corridor
D:2:      uniq_crazy_yiuf_cottage
D:3:      ashenzari_altar_1, nicolae_overflow_hidden_temple, serial_bayou_pond_d
D:4:      kennysheep_little_box, first_bread, elyvilon_altar_1, uniq_eustachio,
          uniq_blork_the_orc, uniq_sigmund
D:5:      grunt_temple_overflow_open
D:7:      basic_altar
D:8:      gammafunk_temple_overflow_wave, lair_0_dummy, special_room,
          grunt_ogre_cave
D:9:      nicolae_overflow_crystal_walls, kennysheep_generic_room_15, uniq_grum,
          uniq_pikel, uniq_psyche
D:10:     erik_orc_4, minivault_29
Temple:   minmay_temple_curvy_branch
Lair:1:   serial_bayou_pond_c
Lair:2:   nicolae_spider_entry_non_spiders, beast_lair_carwin_2,
          bh_autumn_forest_stairs, grunt_megastairs_3, serial_bayou_shore_b,
          uniq_harold

Skill      XL: |  1  2  3  4  5  6  7  8  9 10 11 12 |
---------------+-------------------------------------+-----
Polearms       | 5 6 7 8 10 11 12 | 12.6
Fighting       | 3 4 5 6 7 8 9 10 | 10.0
Armour         | 1 2 3 4 5 6 |  6.9
Dodging        | 5 6 7 8 9 10 11 12 | 12.5
Shields        | 2 4 5 6 7 |  7.4
Invocations    | 3 5 6 |  6.8
Throwing       | |  2.0

Action                   |  1- 3 |  4- 6 |  7- 9 | 10-12 || total
-------------------------+-------+-------+-------+-------++-------
Melee: Trident           |   112 |   183 |   406 |  1102 ||  1803
Throw: Throwing net      |       |     6 |     2 |       ||     8
Invok: Heroism           |       |       |       |     3 ||     3
  Use: Scroll            |     4 |     6 |     2 |     6 ||    18
       Potion            |       |       |       |     4 ||     4
 Stab: Sleeping          |     2 |       |       |       ||     2
       Held in net/web   |       |     2 |       |       ||     2
       Distracted        |       |       |       |     1 ||     1
  Eat: Chunk             |     3 |     7 |    14 |    18 ||    42
       Meat ration       |       |       |       |     2 ||     2
       Pizza             |       |       |       |     1 ||     1
Armor: Leather armour    |    33 |    45 |     9 |       ||    87
       Ring mail         |       |       |    94 |   219 ||   313
Dodge: Dodged            |    92 |   136 |   215 |   572 ||  1015
Block: Buckler           |       |       |    52 |   219 ||   271
